Map: Prion Terraces

Players

Maudacity

  • Race: Zerg Zerg
  • League: Bronze

Juanmnl - Winner!

  • Race: Terran Terran
  • League: Silver

VOD

Have the link to the VOD?

Description

Want help w/ what i did wrong Besides avoiding the mines and too many mineral's floating and little macro mistakes.

Time

  • Played on: Dec. 6, 2015, 3:53 p.m.
  • Length: 16:28
Show
View Real Time Build Order
Export as new Build Order

Maudacity Zerg 

Build Orders: Hatch First 

Get SALT Encoding   

  12  0:01  Drone  
  13  0:15  Drone  
  14  0:27  Overlord  
  14  0:28  Overlord  
  15  0:57  Drone x3  
  17  1:19  Hatchery  
  16  1:28  Drone  
  16  1:29  Drone, Spawning Pool  
  16  1:32  Extractor  
  16  1:48  Drone x2  
  18  2:13  Drone x3, Extractor  
  20  2:17  Queen  
  22  2:27  Zergling x2  
  23  3:13  Queen  
  23  3:15  Drone x2  
  27  3:21  Lair  
  27  3:24  Roach Warren  
  26  3:29  Drone x2  
  26  3:31  Overlord  
  28  3:47  Zergling x2  
  28  3:48  Zergling x4  
  31  3:50  Metabolic Boost  
  31  4:00  Evolution Chamber  
  31  4:01  Drone  
  31  4:02  Drone x2  
  33  4:18  Drone  
  34  4:24  Roach  
  34  4:25  Roach x3  
  34  4:28  Roach  
  44  4:40  Overlord x2  
  44  4:48  Zerg Missile Weapons Level 1  
  44  5:01  Roach  
  44  5:02  Roach x2  
  50  5:13  Drone x2  
  50  5:14  Drone x2  
  54  5:15  Overlord  
  54  5:25  Glial Reconstitution  
  54  5:34  Ravager x4  
  58  5:46  Extractor  
  58  5:47  Drone x3, Extractor  
  58  5:48  Drone x3  
  47  6:24  Roach x5  
  57  6:27  Roach  
  57  6:28  Roach x4  
  57  6:31  Overlord x2  
  67  6:43  Zerg Ground Armor Level 1  
  67  7:00  Ravager x3  
  38  7:47  Roach x8  
  38  7:50  Roach x10  
  74  8:03  Roach x2  
  80  8:05  Roach  
  80  8:09  Hatchery  
  79  8:16  Roach  
  79  8:17  Roach  
  79  8:18  Overlord  
  79  8:19  Overlord  
  83  8:26  Ravager  
  84  8:38  Ravager x4  
  88  8:54  Roach x6  
  100  8:58  Overlord x2  
  62  9:39  Roach x4  
  62  9:40  Roach x3  
  62  9:41  Roach  
  62  9:42  Roach x4  
  61  10:00  Queen  
  61  10:01  Drone x3  
  61  10:05  Roach x2  
  70  10:08  Roach  
  72  10:15  Ravager  
  72  10:18  Roach  
  75  10:26  Roach x3  
  81  10:31  Roach  
  81  10:32  Roach x2  
  87  10:40  Roach x2  
  91  10:43  Ravager x3  
  91  10:44  Ravager x2  
  96  11:01  Hydralisk Den  
  96  11:03  Overlord  
  95  11:05  Drone x2  
  61  11:58  Roach x2  
  61  11:59  Roach  
  61  12:00  Roach x2  
  61  12:01  Roach x10  
  91  12:06  Roach x8  
  91  12:07  Roach  
  109  12:09  Ravager  
  109  12:10  Ravager x2  
  109  12:11  Ravager  
  109  12:12  Ravager  
  109  12:13  Ravager  
  115  12:19  Ravager  
  116  12:39  Drone x2  
  116  12:40  Drone  
  52  13:40  Hydralisk x2  
  52  13:41  Hydralisk x8  
  50  13:45  Extractor  
  50  13:47  Extractor  
  64  13:54  Roach  
  64  13:55  Roach x5  
  76  13:58  Hydralisk x7  
  90  14:15  Zerg Melee Weapons Level 1  
  90  14:25  Zergling x2  
  90  14:26  Zergling x6  
  90  14:28  Zergling x8  
  90  14:30  Zergling x2  
  100  14:31  Zergling x8  
  44  15:32  Roach x6  
  44  15:34  Roach x5  
  44  15:35  Roach x2  
  70  15:36  Hatchery, Roach  
  70  15:37  Roach x2  
  70  15:39  Roach  
  77  15:50  Spire  
  66  16:02  Overseer  
  45  16:13  Ravager  
  45  16:14  Ravager  
Show
View Real Time Build Order
Export as new Build Order

Juanmnl Terran - Winner!

Build Orders:  

Get SALT Encoding   

  12  0:01  SCV  
  13  0:13  SCV  
  14  0:27  Supply Depot  
  14  0:29  Supply Depot  
  14  0:30  SCV  
  15  0:55  SCV  
  16  0:59  Barracks  
  16  1:05  Refinery  
  16  1:07  SCV  
  17  1:19  SCV  
  18  1:31  SCV  
  19  1:43  SCV  
  20  1:50  Command Center  
  20  1:54  Refinery  
  20  1:55  SCV  
  20  1:59  Marine  
  22  2:08  SCV  
  23  2:21  SCV  
  24  2:25  Marine  
  25  2:31  Engineering Bay  
  25  2:33  SCV  
  25  3:21  Command Center  
  25  3:22  Bunker  
  25  3:23  Orbital Command  
  25  3:27  Missile Turret  
  25  3:32  Factory  
  25  3:40  Marine  
  26  3:46  Factory  
  26  3:51  Factory  
  26  3:56  Supply Depot  
  26  4:12  SCV  
  27  4:19  Barracks Tech Lab  
  27  4:22  Factory Reactor  
  27  4:24  SCV  
  28  4:34  Missile Turret  
  28  4:35  Factory Reactor  
  28  4:40  SCV  
  28  4:41  Factory Reactor  
  28  4:42  Planetary Fortress  
  29  4:45  Refinery  
  29  4:46  Refinery  
  29  4:52  SCV  
  30  5:03  Armory  
  30  5:04  SCV  
  31  5:14  Widow Mine x3  
  31  5:15  Widow Mine  
  31  5:17  SCV  
  31  5:18  Widow Mine x2  
  44  5:28  SCV  
  45  5:35  Marine  
  45  5:36  Combat Shields  
  45  5:40  SCV  
  49  6:08  Hellion x3  
  49  6:11  Hellion  
  53  6:36  Hellion  
  53  6:37  Hellion x3  
  53  6:40  Supply Depot  
  53  6:43  SCV  
  53  6:44  Supply Depot  
  54  7:02  SCV, Hellion  
  54  7:05  Supply Depot, Hellion x2  
  54  7:06  Supply Depot, Hellion  
  63  7:14  SCV  
  48  7:26  SCV  
  47  7:38  SCV  
  44  7:50  SCV  
  45  7:52  Widow Mine x3  
  51  8:14  Command Center  
  51  8:20  Starport  
  51  8:23  Starport x2  
  51  8:25  Widow Mine x3  
  51  8:26  Command Center  
  57  8:27  Barracks x2  
  57  8:29  Barracks  
  57  8:33  Barracks  
  57  8:57  Widow Mine  
  57  8:58  Widow Mine  
  57  8:59  Widow Mine x2  
  65  9:07  Starport Reactor  
  65  9:08  Starport Reactor  
  65  9:10  Starport Reactor  
  56  9:43  Planetary Fortress  
  51  9:58  SCV  
  52  10:00  SCV  
  52  10:03  Planetary Fortress  
  53  10:10  SCV, Barracks Tech Lab x3  
  53  10:11  Barracks Tech Lab  
  53  10:12  SCV  
  55  10:22  SCV  
  55  10:24  SCV x2  
  58  10:34  SCV, Stimpack, Concussive Shells  
  59  10:36  SCV x2  
  61  10:46  SCV  
  61  10:48  SCV x2  
  64  11:00  SCV  
  64  11:01  Missile Turret  
  65  11:05  Marine x6  
  65  11:10  Refinery  
  71  11:12  SCV  
  71  11:13  SCV  
  73  11:21  Missile Turret  
  73  11:23  Marine x3  
  76  11:25  SCV  
  72  11:41  Missile Turret  
  64  11:47  SCV  
  65  11:59  SCV  
  66  12:02  Missile Turret  
  66  12:04  SCV  
  67  12:11  SCV  
  68  12:16  SCV  
  68  12:17  Marauder x3  
  68  12:19  Medivac  
  77  12:23  SCV, Medivac x2  
  77  12:24  Medivac  
  77  12:28  SCV  
  77  12:29  Terran Infantry Weapons Level 1  
  85  12:34  Engineering Bay  
  85  12:35  SCV  
  86  12:40  SCV  
  87  12:45  Refinery  
  87  12:46  Refinery  
  87  12:48  SCV  
  88  12:52  Medivac x2  
  88  12:53  SCV  
  88  12:54  Marauder x2  
  75  13:42  SCV  
  76  13:53  Medivac x3  
  76  13:54  SCV, Medivac  
  85  13:56  Marine x3  
  85  13:57  Marauder x2, Marine  
  85  13:59  Widow Mine  
  85  14:00  Widow Mine x3  
  101  14:05  Drilling Claws  
  101  14:14  Widow Mine  
  101  14:15  SCV, Marauder x2, Supply Depot  
  108  14:23  Terran Infantry Armor Level 1  
  108  14:27  SCV  
  109  14:36  Widow Mine x2  
  109  14:37  Marauder  
  109  14:38  Supply Depot  
  115  14:39  SCV  
  115  14:44  Missile Turret  
  116  14:46  Missile Turret  
  116  15:01  Supply Depot  
  116  15:09  Missile Turret  
  110  15:23  Supply Depot  
  110  15:34  Marine x3  
  115  15:36  Marauder x3  
  119  15:51  Marine  
  119  15:52  Marauder, Marine  
  123  15:57  Marauder  
  123  15:58  Marauder x2  
Tags
 
Add a new tag
Caveats
  • Supply blocks, unpowered buildings, or Contaminate may cause inaccurate times.
  • Supply counts are checked every 10 seconds.